 Dungeon Crawl Stone Soup version 0.28.0 (webtiles) character file.

Game seed: 134519686139828522

96 H0rd4k the Magician (level 4, -1/24 HPs)
             Began as a Deep Elf Hedge Wizard on Feb 15, 2022.
             Slain by a scorpion (6 damage)
             ... on level 2 of the Dungeon.
             The game lasted 00:02:54 (3042 turns).

H0rd4k the Magician (Deep Elf Hedge Wizard)         Turns: 3042, Time: 00:02:55

Health: -1/24      AC:  2    Str:  7    XL:     4   Next: 41%
Magic:  14/14      EV: 12    Int: 21    God:
Gold:   106        SH:  0    Dex: 14    Spells: 14/15 levels left

rFire   . . .      SeeInvis .   a - +0 dagger
rCold   . . .      Faith    .   (no shield)
rNeg    . . .      Spirit   .   b - +0 robe
rPois   .          Reflect  .   c - +0 hat
rElec   .          Harm     .   (no cloak)
rCorr   .          Rampage  .   (no gloves)
Will    .....                   (no boots)
Stlth   ++........              (no amulet)
HPRegen 0.08/turn               (no ring)
MPRegen 0.14/turn               (no ring)

@: no status effects
A: no striking features
a: no special abilities


You were on level 2 of the Dungeon.
You visited 1 branch of the dungeon, and saw 3 of its levels.

You collected 106 gold pieces.

Inventory:

Hand Weapons
 a - a +0 dagger (weapon)
Armour
 b - a +0 robe (worn)
 c - a +0 hat (worn)
Scrolls
 d - a scroll of enchant weapon {unknown}
 e - a scroll of torment {unknown}
 h - 2 scrolls of identify {unknown}
 j - 2 scrolls of teleportation {unknown}
Potions
 f - 3 potions of haste {unknown}
 g - a potion of attraction {unknown}
 i - a potion of curing {unknown}
 k - a potion of heal wounds {unknown}
 l - a potion of mutation {unknown}


   Skills:
 + Level 2.8 Dodging
 + Level 2.6 Stealth
 + Level 6.4 Spellcasting
 + Level 2.2 Conjurations
 - Level 1.1 Summonings
 + Level 1.2 Translocations


You had 14 spell levels left.
You knew the following spells:

 Your Spells              Type           Power      Damage    Failure   Level
a - Magic Dart            Conj           64%        1d6       3%          1

Your spell library contained the following spells:

 Spells                   Type           Power      Damage    Failure   Level
 Blink                    Tloc           22%        N/A       9%          2
 Call Imp                 Summ           11%        N/A       9%          2
 Static Discharge         Conj/Air       11%        N/A       9%          2
 Slow                     Hex            24%        N/A       10%         1
 Conjure Flame            Conj/Fire      11%        6-21      19%         3
 Mephitic Cloud           Conj/Pois/Air  9%         N/A       21%         3
 Sticky Flame             Conj/Fire      11%        2d3       52%         4
 Dispel Undead            Necr           6%         3d8       67%         4


Dungeon Overview and Level Annotations

Branches:
Dungeon (3/15)

Altars:

Annotations:
D:3 Jessica


Message History

You can't see any susceptible monsters within range! (Use Z to cast anyway.)
A bat is nearby!
A bat is nearby!
A bat is nearby!
A bat is nearby!
The magic dart hits the bat.
You kill the bat!
You can't see any susceptible monsters within range! (Use Z to cast anyway.)
You can't see any susceptible monsters within range! (Use Z to cast anyway.)
A scorpion comes into view.
A scorpion is nearby!
A scorpion is nearby!
A scorpion is nearby!
The magic dart hits the scorpion.
The scorpion is lightly wounded.
Things that are here:
a +0 hand axe; an orc corpse
Things that are here:
a +3 flail of venom; an orc corpse
Things that are here:
a +0 trident; a +0 scale mail; an orc corpse
There is an open door here.
Jessica the Apprentice Sorceress comes into view.
She is wielding a +0 club.
The scorpion barely misses you.
There is a stone staircase leading up here.
The scorpion barely misses you.
You climb upwards.
There is a stone staircase leading down here.
The scorpion stings you.
The scorpion stings you but does no damage.
The scorpion misses you. The scorpion stings you! The scorpion stings you.
* * * LOW HITPOINT WARNING * * *
The scorpion stings you.
* * * LOW HITPOINT WARNING * * *
The scorpion barely misses you.
There is a stone staircase leading up, spattered with blood here.
The scorpion stings you.
You die...

#.##.#.#
#.##.#.##############
#......#.............
####.#.#.............
#.#(#.............
#.###.............
#.................
#########.....).......
#...s@#.+.......(.....
#.#####.#.............
#.# #...#.............
#.###.###.............
#.......#.............
#####.#.#.............
#.....############
#######


You could see a scorpion.

Vanquished Creatures
  3 adders
  4 orcs (D:3)
  2 bats
  4 endoplasms (D:1)
  3 giant cockroaches (D:1)
  7 goblins
  9 hobgoblins
  6 jackals
  4 quokkas (D:1)
  2 ball pythons (D:1)
  4 frilled lizards
  5 kobolds
  3 rats
56 creatures vanquished.

Notes
Turn   | Place    | Note
-------+----------+-------------------------------------------
     0 | D:1      | H0rd4k the Deep Elf Hedge Wizard began the quest for the
                  | Orb.
     0 | D:1      | Reached XP level 1. HP: 10/10 MP: 7/7
   265 | D:1      | Reached skill level 5 in Spellcasting
   371 | D:1      | Reached XP level 2. HP: 15/15 MP: 8/10
  1024 | D:1      | Reached XP level 3. HP: 19/19 MP: 6/12
  1998 | D:2      | Reached skill level 6 in Spellcasting
  2273 | D:2      | Reached XP level 4. HP: 24/24 MP: 9/14
  2456 | D:2      | Found a faded altar of an unknown god.
  2974 | D:3      | Noticed a scorpion
  3002 | D:3      | Noticed Jessica
  3042 | D:2      | Slain by a scorpion

Illustrated notes

Levels and vault maps discovered:
D:1:      dpeg_chamrin_arrival_tetris, layout_loops_ring
D:2:      layout_basic, hellmonk_ecumenical_altar_prayer_group
D:3:      layout_basic, lemuel_old_faithful, uniq_jessica

Skill      XL: |  1  2  3 |
---------------+----------+-----
Spellcasting   | 5 6 |  6.4
Conjurations   | 2 |  2.2
Dodging        | |  2.8
Stealth        | |  2.6
Summonings     | |  1.1
Translocations | |  1.2

Action                   |  1- 3 |  4- 6 || total
-------------------------+-------+-------++-------
 Cast: Magic Dart        |   115 |    38 ||   153
Armor: Robe              |     7 |     1 ||     8
Dodge: Dodged            |    30 |    10 ||    40
